cohdb
Replays
Latest Replays
All Replays
Popular Replays
Top Player Replays
Match Explorer
How It Works
Community
CoH3 Stats
Reddit
Sign in to upload your games and track your stats! →
Sign in with Steam
Match 41422989
Unlisted
Match 41422989
Overview
Messages
Build Orders
End
Construct Weapon Support Center
M1919 Machine Gun Team
M1919 Machine Gun Team
Construct Barracks
Riflemen Squad
Riflemen Squad
M1 Mortar Team
Construct Medical Station
Mechanized Support Center
M1919 Machine Gun Team
Riflemen Squad
Grenade Package
Bazooka Squad
Construct Tank Depot
M4A1 Sherman Medium Tank
Selects Armored Battlegroup
Selects Fast Deploy
Selects Veteran Crews
Selects Field Repairs
Selects Seek and Destroy
M4A1 Sherman Medium Tank
Field Repairs
Designate Forward Repair Station
Engineer Squad
M4A1 76mm Conversion
M4A1(76) Sherman Medium Tank
Demolidor
Emilioboka
Solids_snakes
LordPavaz
Aranaedominium
Felipe
IVANARAUJO37
eji ( I|I )
0
0
Comments
sign in to comment!
No comments posted yet!